 Dungeon Crawl Stone Soup version 0.30-a0-937-ga0a21ad780 (webtiles) character file.

Game seed: 6707418875679754221

3115 Nyon the Fighter (level 9, -3/83 HPs)
             Began as a Yellow Draconian Berserker on Mar 25, 2023.
             Was an Elder of Trog.
             Slain by a gnoll
             ... wielding a +0 spear
             ... led by a gnoll sergeant
              (6 damage)
             ... on level 8 of the Dungeon.
             The game lasted 00:21:44 (7491 turns).

Nyon the Fighter (Yellow Draconian Berserker)       Turns: 7491, Time: 00:21:44

Health: -3/83      AC:  7    Str: 24    XL:     9   Next: 60%
Magic:  9/9        EV: 14    Int:  8    God:    Trog [****..]
Gold:   528        SH:  0    Dex: 10    Spells: 8/8 levels left

rFire   . . .      SeeInvis .    e - +2 war axe (flame)
rCold   . . .      Faith    .    (no shield)
rNeg    . . .      Spirit   .    (body armour unavailable)
rPois   .          Reflect  .    (helmet restricted)
rElec   .          Rampage  .    (no cloak)
rCorr   +                        (no gloves)
Will    .....                    (no boots)
Stlth   +                        (no amulet)
HPRegen 0.33/turn                (no ring)
MPRegen 0.11/turn                (no ring)

@: on berserk cooldown, slowed, very slow
A: spit acid, AC +7, unfitting armour, cold-blooded, acid resistance
a: Breathe Acid, Renounce Religion, Berserk, Trog's Hand, Brothers in Arms


You were on level 8 of the Dungeon.
You worshipped Trog.
Trog was greatly pleased with you.
You visited 1 branch of the dungeon, and saw 8 of its levels.

You collected 528 gold pieces.

Inventory:

Hand Weapons
 e - a +2 war axe of flaming (weapon)
Wands
 g - a wand of flame (23)
Scrolls
 d - a scroll of amnesia {unknown}
 f - a scroll of butterflies
Potions
 a - a potion of heal wounds
 b - 2 potions of curing
 c - a potion of lignification {unknown}
 h - 2 potions of flight


   Skills:
 + Level 9.2 Fighting
 + Level 8.4 Axes
 + Level 7.6 Dodging


You had 8 spell levels left.
You didn't know any spells.
Your spell library was empty.

Dungeon Overview and Level Annotations

Branches:
Dungeon (8/15)             Temple (0/1) D:5
   Lair: D:8-11

Altars:
Ashenzari
Dithmenos
Elyvilon
Fedhas
Gozag
Ru
Sif Muna
Yredelemnul

Shops:
D:7 *

Annotations:
D:6 2 transporters, FexLirch's ghost, weakling MeDe


Innate Abilities, Weirdness & Mutations

You can spit globs of acid.
Your golden yellow scales are hard. (AC +7)
You cannot fit into any form of body armour.
You are cold-blooded and may be slowed by cold attacks.
You are resistant to acid. (rCorr)


Message History

The kobold brigand is almost dead.
You slash the gnoll! You burn the gnoll.
You kill the gnoll!
Trog accepts your kill. The kobold brigand closely misses you.
The gnoll sergeant hits you from afar with a +0 spear!
You miss the kobold brigand.
The kobold brigand is almost dead.
The kobold brigand hits you with a +0 club.
* * * LOW HITPOINT WARNING * * *
The gnoll sergeant hits you from afar with a +0 spear!
* * * LOW HITPOINT WARNING * * *
You slash the kobold brigand! You burn the kobold brigand.
You kill the kobold brigand!
Trog accepts your kill.
A gnoll comes into view. It is wielding a +0 spear.
The gnoll sergeant barely misses you.
The gnoll shouts!
Things that are here:
a +0 club; a curare-tipped dart; a +0 short sword You feel a strong urge to attack something.
The gnoll sergeant hits you but does no damage.
You see here a +0 flail.
The gnoll closely misses you. The gnoll sergeant closely misses you.
You feel your anger nearly subside.
You are no longer berserk.
You are exhausted.
You feel yourself slow down. The gnoll hits you with a +0 spear.
* * * LOW HITPOINT WARNING * * *
The gnoll sergeant hits you with a +0 spear.
* * * LOW HITPOINT WARNING * * *
The gnoll sergeant hits you with a +0 spear.
* * * LOW HITPOINT WARNING * * *
The gnoll hits you but does no damage.
You fail to use your ability.
The gnoll hits you with a +0 spear.
* * * LOW HITPOINT WARNING * * *
The gnoll sergeant hits you with a +0 spear!
* * * LOW HITPOINT WARNING * * *
The gnoll hits you from afar with a +0 spear.
You die...

#.# #.# #.# #.# #.# #
############.## ..
#........)#...###.###
#.#######))).@>......
#.# #..)......###
##.# ####gg##### #..#
#..# #.# #.## #..#
##.#### #.# #...
#.....# #.# ...##
#..##.# #.### ....
###..##.# #...##
..... ##.#...#.#


You could see a gnoll sergeant and a gnoll.

Vanquished Creatures
  An acid dragon (D:7)
  A water moccasin (D:7)
  An orc warrior (D:7)
  2 black bears
  2 sky beasts
  2 ogres
  3 phantoms (D:6)
  2 kobold brigands
  2 bullfrogs
  A gnoll sergeant (D:8)
  3 scorpions
  5 wights
  3 killer bees (D:7)
  A howler monkey (D:6)
  2 quasits (D:7)
  2 orc priests
  2 hounds
  5 jellies
  5 iguanas
  8 orc wizards
  A sleepcap (D:5)
  Ijyb (D:4)
  Natasha (twice) (D:2)
  Robin (D:4)
  9 gnolls
  5 adders
  2 shadow imps (D:7)
  5 white imps
  7 ufetubi
  A worm (D:5)
  5 dart slugs
  22 orcs
  7 bats
  7 endoplasms
  3 giant cockroaches
  6 goblins
  15 hobgoblins
  4 jackals (D:3)
  3 quokkas
  2 ball pythons
  4 frilled lizards
  16 kobolds
  A rat (D:2)
182 creatures vanquished.

Vanquished Creatures (others)
  A demonic plant (D:7)
  A plant (D:2)
2 creatures vanquished.

Grand Total: 184 creatures vanquished

Notes
Turn   | Place    | Note
-------+----------+-------------------------------------------
     0 | D:1      | Nyon the Draconian Berserker began the quest for the Orb.
     0 | D:1      | Reached XP level 1. HP: 19/19 MP: 1/1
    96 | D:1      | Reached XP level 2. HP: 20/26 MP: 2/2
   717 | D:1      | Found a faded altar of an unknown god.
   812 | D:2      | Reached XP level 3. HP: 33/33 MP: 3/3
  1117 | D:2      | Reached skill level 4 in Fighting
  1139 | D:2      | Noticed Natasha
  1139 | D:2      | Noticed a black bear
  1146 | D:2      | Killed a black bear
  1147 | D:2      | Reached XP level 4. HP: 41/41 MP: 4/4
  1147 | D:2      | Reached XP level 5. HP: 47/47 MP: 5/5
  1153 | D:2      | Killed Natasha
  1291 | D:2      | Noticed Natasha
  1322 | D:2      | Killed Natasha
  1685 | D:3      | Reached ** piety under Trog
  1759 | D:3      | HP: 3/70 [gnoll/+0 whip (6)]
  1762 | D:3      | Reached skill level 5 in Fighting
  2627 | D:4      | Reached XP level 6. HP: 55/56 MP: 6/6
  2775 | D:4      | Noticed Robin
  2780 | D:4      | Noticed Ijyb
  2788 | D:4      | Killed Robin
  2798 | D:4      | Killed Ijyb
  2926 | D:4      | Reached skill level 5 in Axes
  3074 | D:4      | Found a blossoming altar of Fedhas.
  3300 | D:5      | Entered Level 5 of the Dungeon
  3310 | D:5      | Your scales start taking on a golden yellow colour.
  3310 | D:5      | Reached XP level 7. HP: 26/62 MP: 7/7
  3310 | D:5      | Gained mutation: You are resistant to acid. (rCorr) [Yellow
                  | Draconian growth]
  3460 | D:5      | Found a shimmering blue altar of Sif Muna.
  3491 | D:5      | Reached skill level 6 in Fighting
  3680 | D:5      | Found a basalt altar of Yredelemnul.
  3705 | D:5      | Reached skill level 5 in Dodging
  3753 | D:5      | Found a staircase to the Ecumenical Temple.
  3984 | D:5      | Found a broken altar of Ashenzari.
  4408 | D:5      | Reached XP level 8. HP: 71/71 MP: 8/8
  4457 | D:5      | Found a white marble altar of Elyvilon.
  4637 | D:6      | Identified the +6 short sword of Honour {spect, rN+ Dex+4
                  | Stlth-}
  4709 | D:6      | Reached *** piety under Trog
  4710 | D:6      | Reached skill level 7 in Fighting
  5375 | D:6      | Found a transporter.
  5381 | D:6      | Found a transporter.
  5381 | D:6      | Noticed FexLirch's ghost (weakling MeDe)
  5382 | D:6      | Identified the +8 dire flail of the Beast {holy, rPois rN++
                  | Dex+3}
  5382 | D:6      | Identified the +7 great mace of Pain and Death {venom, MP-9
                  | Str+3 Dex+4}
  5382 | D:6      | Noticed a two-headed ogre
  5684 | D:7      | Found Codew's General Store.
  5698 | D:7      | Reached skill level 8 in Fighting
  5815 | D:7      | Reached XP level 9. HP: 35/81 MP: 9/9
  6669 | D:7      | Reached **** piety under Trog
  6852 | D:7      | Reached skill level 9 in Fighting
  6902 | D:7      | Found a sacrificial altar of Ru.
  6908 | D:7      | Found a shadowy altar of Dithmenos.
  7089 | D:8      | Identified the +1 hand axe of Descent {flame, *Corrode rF+
                  | Dex+4 Stlth+}
  7178 | D:8      | Found an opulent altar of Gozag.
  7490 | D:8      | HP: 3/83 [gnoll sergeant/+0 spear (8)]
  7491 | D:8      | Slain by a gnoll

Illustrated notes

Levels and vault maps discovered:
D:1:      nicolae_arrival_memento_mori, layout_basic,
          hellmonk_ecumenical_altar_prayer_group, minmay_misc_feat_enclosed,
          nicolae_figureground_pulse
D:2:      layout_basic, serial_bayou_pond_e, minmay_nonomino_d4, uniq_natasha
D:3:      layout_basic
D:4:      layout_loops_ring, mainiacjoe_overflow_six_doors_small,
          minmay_misc_feat_plants, chequers_mini_garden, nicolae_goblin_pals
D:5:      layout_basic, kennysheep_ying_yang, kennysheep_little_box,
          mainiacjoe_overflow_tiny_flanked, minmay_temple_entry_glassed_door,
          serial_bayou_pond_d, roderic_roman_lattice, minmay_bent
D:6:      layout_cave_pods, gammafunk_ghost_smash
D:7:      minmay_recursive_quarters, layout_rooms, grunt_temple_overflow_open,
          serial_demonic, serial_demonic_c, serial_demonic_e, serial_demonic_g,
          serial_demonic_a, serial_demonic_b, serial_demonic_b, serial_shops,
          nicolae_stop_n_shop_2
D:8:      layout_loops_corners, overflow_temple_1_default

Skill      XL: |  1  2  3  4  5  6  7  8  9 |
---------------+----------------------------+-----
Dodging        | 3 4 5 6 7 |  7.6
Fighting       | 4 5 6 8 9 |  9.2
Axes           | 4 5 6 7 8 |  8.4

Action                     |  1- 3 |  4- 6 |  7- 9 || total
---------------------------+-------+-------+-------++-------
  Melee: Hand axe          |    85 |   122 |       ||   207
         Tailslap          |    11 |    19 |    36 ||    66
         Punch             |     2 |     2 |     2 ||     6
         War axe           |       |    20 |   277 ||   297
 Invoke: Berserk           |     2 |     2 |     3 ||     7
Ability: Breathe Acid      |       |       |    19 ||    19
    Use: Scroll            |     5 |     9 |     9 ||    23
         Potion            |     1 |     1 |     1 ||     3
   Stab: Sleeping          |     1 |       |       ||     1
 Armour: Skin              |    45 |    36 |   136 ||   217
  Dodge: Dodged            |    51 |    94 |   291 ||   436

Table legend: (Time is in decaauts)
 A = Elapsed time spent in this place.
 B = Non-inter-level travel time spent in this place.
 C = Inter-level travel time spent in this place.
 D = Time resting spent in this place.
 E = Time spent auto-exploring this place.
 F = Levels seen in this place.
 G = Mean time per level.
                   A        B        C        D        E       F      G
               +--------+--------+--------+--------+--------+-----+--------+
         Total |   7621 |   7590 |     31 |      0 |   5888 |   8 |  952.6 |
       Dungeon |   7621 |   7590 |     31 |      0 |   5888 |   8 |  952.6 |
               +--------+--------+--------+--------+--------+-----+--------+

Top non-repeatable levels by time:
     D:7: 1397 daAuts
     D:5: 1254 daAuts
     D:6: 1155 daAuts
     D:3: 877 daAuts
     D:2: 858 daAuts
     D:1: 821 daAuts
     D:4: 809 daAuts
     D:8: 447 daAuts
